AoeStats
← manuelrcaballer

Acropolis

503243462Analyzed
1v1 RM · 1mo ago on Aug 30, 2026· 26m 42s· 2 players
Game mode
Random Map
Map size
Tiny (2 player)
Population
200
Speed
Normal
Resources
Standard
Victory
Conquest
Starting age
Dark Age
Ending age
Imperial Age
RankedLock teamsTeams togetherTeam positionsShared explorationLock speedFull tech treeHidden civsTurbo modeCheats
Victory
Defeat
🇪🇸 Bulgarians · Spain
284
+12
🇨🇱 Maya · Chile
197
-12
arturoign.diaz
11:18 Feudal Age
12:44 Wheelbarrow
11:55 Town Watch
20:36 Castle Age
18:24 Horse Collar
18:35 Gold Mining
18:35 Stone Mining
20:06 Double-Bit Axe
21:47 Hand Cart
23:00 Town Patrol
24:46 Bow Saw
manuelrcaballer
12:38 Feudal Age
21:28 Scale Mail Armor
21:43 Forging
23:30 Arson
Connection lost

Rejoining the realm…

Still unreachable

The connection could not be restored.

Session expired

The server has moved on; the page needs a fresh start.